 Dungeon Crawl Stone Soup version 0.23.2-1-ga50397a6bc (webtiles) character file.

Game seed: 1835807815068215308

141 Morbidden the Insei (level 5, -8/42 HPs)
             Began as a Draconian Transmuter on Apr 26, 2019.
             Mangled by an orc
             ... wielding a +0 war axe
              (14 damage)
             ... on level 3 of the Dungeon.
             The game lasted 00:04:39 (1950 turns).

Morbidden the Insei (Draconian Transmuter)          Turns: 1950, Time: 00:04:40

Health: -8/42      AC:  5    Str: 12    XL:     5   Next: 3%
Magic:  8/8        EV:  9    Int: 14    God:
Gold:   148        SH:  6    Dex: 12    Spells: 8/9 levels left

rFire    . . .     SeeInvis .   p - +6 morningstar (vamp)
rCold    . . .     Gourm    +   c - +0 shield
rNeg     . . .     Faith    .   (armour unavailable)
rPois    .         Spirit   .   (helmet restricted)
rElec    .         Reflect  .   (no cloak)
rCorr    .         Harm     .   (no gloves)
MR       .....                  (no boots)
Stlth    +.........             i - amulet of the gourmand
HPRegen  0.14/turn              (no ring)
MPRegen  0.11/turn              (no ring)

@: no status effects
A: unfitting armour, cold-blooded, AC +5
a: no special abilities


You were on level 3 of the Dungeon.
You were not hungry.

You visited 1 branch of the dungeon, and saw 3 of its levels.

You collected 148 gold pieces.

Inventory:

Hand Weapons
 p - a +6 vampiric morningstar (weapon)
Missiles
 a - 28 arrows
Armour
 c - a +0 shield (worn)
Jewellery
 i - an amulet of the gourmand (around neck)
Scrolls
 g - 2 scrolls of remove curse
 k - a scroll of immolation {unknown}
 l - a scroll of random uselessness {unknown}
 n - a scroll of identify
Potions
 b - a potion of heal wounds {unknown}
 d - a potion of flight {unknown}
 e - a potion of might {unknown}
 f - 2 potions of agility {unknown}
 h - a potion of haste {unknown}
 j - a potion of resistance {unknown}
 m - 2 potions of curing {unknown}
 o - 2 potions of degeneration {unknown}


   Skills:
 * Level 2.4 Fighting
 * Level 0.7 Maces & Flails
 + Level 2.2 Dodging
 + Level 0.3 Stealth
 + Level 4.4 Unarmed Combat
 + Level 2.5 Spellcasting
 + Level 2.2 Transmutations


You had 8 spell levels left.
You knew the following spells:

 Your Spells              Type           Power        Failure   Level  Hunger
a - Beastly Appendage     Tmut           #.....       54%         1    #......

Your spell library contained the following spells:

 Spells                   Type           Power        Failure   Level  Hunger
 Sticks to Snakes         Tmut           #.......     67%         2    ###....
 Spider Form              Tmut/Pois      #.........   96%         3    ###....
 Ice Form                 Ice/Tmut       #.......     100%        4    #####..
 Blade Hands              Tmut           #.........   100%        5    ######.


Dungeon Overview and Level Annotations

Branches:
Dungeon (3/15)

Altars:
Elyvilon
Sif Muna


Innate Abilities, Weirdness & Mutations

Your plain brown scales are hard. (AC +5)
You cannot fit into any form of body armour.
You are cold-blooded and may be slowed by cold attacks.


Message History

The orc hits you with a +0 war axe.
Unknown command.
The orc throws a tomahawk.
The tomahawk hits you.
* * * LOW HITPOINT WARNING * * *
Items here: ( )) [ †† You completely miss something.
You feel less confused.
The orc hits you from afar with a cursed -2 trident.
* * * LOW HITPOINT WARNING * * *
The orc barely misses you. You block something's attack.
Something hits you but does no damage. The orc barely misses you.
The orc hits you but does no damage.
Unknown command.
Unknown command.
Okay, then.
You closely miss the orc. The orc barely misses you. Something hits you.
* * * LOW HITPOINT WARNING * * *
You block the orc's attack. The orc hits you but does no damage.
The orc hits you with a +0 war axe!
You die...

.. ..........#
...##........#
....[......#.#
#.......##<#.#
##.##.#....#.# #.
#.####.#.#
#.##.####.#.##
#..o(#.......# #
#@.#.......#
#.#.o#$......#
#.o..........#
......)).#..$....#
.................#
####.............#
...)..######.###
###.#### #.# #.
#.#


You could see 3 orcs.

Vanquished Creatures
  Terence (D:2)
  An orc wizard (D:3)
  3 adders (D:2)
  An ooze (D:1)
  A worm (D:2)
  2 dart slugs
  A leopard gecko (D:1)
  3 orcs (D:3)
  4 giant cockroaches
  6 goblins
  3 hobgoblins
  3 jackals (D:1)
  3 quokkas (D:2)
  5 bats
  5 frilled lizards (D:2)
  5 kobolds
  A rat (D:1)
48 creatures vanquished.

Notes
Turn   | Place    | Note
-------+----------+-------------------------------------------
     0 | D:1      | Morbidden the Draconian Transmuter began the quest for the
                  | Orb.
     0 | D:1      | Reached XP level 1. HP: 16/16 MP: 3/3
   195 | D:1      | Reached XP level 2. HP: 15/23 MP: 5/5
   741 | D:1      | Reached XP level 3. HP: 29/29 MP: 6/6
  1031 | D:2      | Reached skill level 4 in Unarmed Combat
  1216 | D:2      | Found a faded altar of an unknown god.
  1287 | D:2      | Found a deep blue altar of Sif Muna.
  1314 | D:2      | Found a white marble altar of Elyvilon.
  1384 | D:2      | Noticed Terence
  1394 | D:2      | Killed Terence
  1394 | D:2      | Reached XP level 4. HP: 20/36 MP: 5/7
  1941 | D:3      | Reached XP level 5. HP: 32/42 MP: 8/8
  1950 | D:3      | Mangled by an orc

Skill      XL: |  1  2  3  4 |
---------------+-------------+-----
Unarmed Combat | 4 |  4.4
Fighting       | 2 |  2.4
Dodging        | 2 |  2.2
Maces & Flails | |  0.7
Stealth        | |  0.3
Spellcasting   | |  2.5
Transmutations | |  2.2

Action                   |  1- 3 |  4- 6 || total
-------------------------+-------+-------++-------
Melee: Unarmed           |   144 |       ||   144
       Tailslap          |    13 |     1 ||    14
       Headbutt          |     8 |       ||     8
       Punch             |     2 |       ||     2
       Morningstar       |       |    36 ||    36
 Cast: Beastly Appendage |    17 |       ||    17
  Use: Scroll            |       |     2 ||     2
 Stab: Sleeping          |     2 |     1 ||     3
  Eat: Chunk             |     2 |       ||     2
       Ration            |       |     2 ||     2
Armor: Skin              |    54 |    32 ||    86
Dodge: Dodged            |    93 |    37 ||   130
Block: Shield            |       |    23 ||    23
